| TOP OF THE 1ST |
|
Lodi Crushers batting - Pitching for Visalia Mets : LHP Tom Bolton
|
|
Pitching: LHP Tom Bolton
|
|
|
Batting: LHB Kal Daniels
|
0-0: Ball 1-0: Called Strike 1-1: Fly out, F8 (Flyball, 8LXD, EV 95.6 MPH)
|
|
Batting: RHB Dave Lebeau
|
0-0: Foul Ball, location: 2F 0-1: Fly out, F2 (Popup, 23F, EV 75.0 MPH)
|
|
Batting: RHB Carmelo Martinez
|
0-0: Foul Ball, location: 2F 0-1: Ball 1-1: Ball 2-1: Ball 3-1: Base on Balls
|
|
Batting: LHB Fred McGriff
|
0-0: Ball 1-0: Fly out, F9 (Flyball, 9LS, EV 86.3 MPH)
|
| Top of the 1st over - 0 runs, 0 hits, 0 errors, 1 left on base; Lodi 0 - Visalia 0 |
| BOTTOM OF THE 1ST |
|
Visalia Mets batting - Pitching for Lodi Crushers : RHP Larry Lamonde
|
|
Pitching: RHP Larry Lamonde
|
|
|
Batting: RHB Danny Ainge
|
0-0: Swinging Strike 0-1: Called Strike 0-2: Ball 1-2: DOUBLE (Groundball, 5L, EV 93.8 MPH)
|
|
Batting: SHB David Navarro
|
0-0: Ball 1-0: Ball 2-0: Ball 3-0: Base on Balls
|
|
Batting: LHB Huey Gayden
|
0-0: Ball 1-0: Called Strike 1-1: Ground out 3-1 (Groundball, 34S, EV 93.1 MPH) Danny Ainge to third David Navarro to second
|
|
Batting: LHB Pete Dalena
|
0-0: SINGLE (Line Drive, 56D, EV 97.5 MPH) Danny Ainge scores David Navarro to third
|
|
Batting: SHB Marcos Gomez
|
0-0: Ball 1-0: 3-RUN HOME RUN (Flyball, 89XD, EV 100.6 MPH), Distance : 429 ft
|
|
Batting: RHB Ed Sedar
|
0-0: Ball 1-0: Ball 2-0: Called Strike 2-1: Called Strike 2-2: Foul Ball, location: 2F 2-2: DOUBLE (Groundball, 5L, EV 104.4 MPH)
|
|
Batting: SHB Rene Quinones
|
0-0: Called Strike 0-1: Foul Ball, location: 2F 0-2: SINGLE (Groundball, 6MD, EV 97.5 MPH) Ed Sedar to third Runner from 3rd tries for Home, SAFE, throw by CF to home
|
|
Batting: RHB Ken Frazier
|
0-0: Ball 1-0: Called Strike Rene Quinones steals 2nd base 1-1: Ball 2-1: Ball 3-1: DOUBLE (Line Drive, 78D, EV 105.0 MPH) Rene Quinones scores
|
|
Pitching: RHP Ted Davis
|
|
|
Batting: RHB Lloyd Bessard
|
0-0: Called Strike 0-1: Ball 1-1: Ball 2-1: Ball 3-1: Swinging Strike 3-2: Foul Ball, location: 2F 3-2: Base on Balls
|
|
Batting: RHB Danny Ainge
|
0-0: Ball 1-0: Called Strike 1-1: Foul Ball, location: 2F 1-2: Ball 2-2: Ball 3-2: Strikes out looking Ken Frazier steals 3rd, throwing error, E2 Ken Frazier scores Lloyd Bessard to third
|
|
Batting: SHB David Navarro
|
0-0: Fly out, F8 (Line Drive, 8LM, EV 86.9 MPH)
|
| Bottom of the 1st over - 7 runs, 6 hits, 1 error, 1 left on base; Lodi 0 - Visalia 7 |
| TOP OF THE 2ND |
|
Lodi Crushers batting - Pitching for Visalia Mets : LHP Tom Bolton
|
|
Batting: RHB Terry McGriff
|
0-0: Ball 1-0: Ball 2-0: Foul Ball, location: 2F 2-1: Ball 3-1: Foul Ball, location: 2F 3-2: Foul Ball, location: 2F 3-2: Ground out 6-3 (Groundball, 6, EV 90.0 MPH)
|
|
Batting: RHB Mark Van Blaricom
|
0-0: Swinging Strike 0-1: Ball 1-1: Ball 2-1: Called Strike 2-2: Ball 3-2: Fly out, F9 (Flyball, 9S, EV 75.0 MPH)
|
|
Batting: RHB Ron Karkovice
|
0-0: Called Strike 0-1: Ball 1-1: Ball 2-1: Ball 3-1: Foul Ball, location: 2F 3-2: Base on Balls
|
|
Batting: LHB Jeff Reed
|
0-0: Ball 1-0: Ball 2-0: Ball 3-0: Base on Balls Ron Karkovice to second
|
|
Batting: RHB Chris Baker
|
0-0: Ball 1-0: Ball 2-0: Called Strike 2-1: Fly out, F6 (Flyball, 56D, EV 88.8 MPH)
|
| Top of the 2nd over - 0 runs, 0 hits, 0 errors, 2 left on base; Lodi 0 - Visalia 7 |
| BOTTOM OF THE 2ND |
|
Visalia Mets batting - Pitching for Lodi Crushers : RHP Ted Davis
|
|
Batting: LHB Huey Gayden
|
0-0: Ball 1-0: Called Strike 1-1: Fly out, F3 (Line Drive, 3, EV 68.8 MPH)
|
|
Batting: LHB Pete Dalena
|
0-0: Called Strike 0-1: Called Strike 0-2: Ball 1-2: Ball 2-2: Ball 3-2: Fly out, F7 (Line Drive, 7, EV 93.1 MPH)
|
|
Batting: SHB Marcos Gomez
|
0-0: Ball 1-0: Ball 2-0: Swinging Strike 2-1: Called Strike 2-2: Strikes out swinging
|
| Bottom of the 2nd over - 0 runs, 0 hits, 0 errors, 0 left on base; Lodi 0 - Visalia 7 |
| TOP OF THE 3RD |
|
Lodi Crushers batting - Pitching for Visalia Mets : LHP Tom Bolton
|
|
Batting: LHB Kal Daniels
|
0-0: Called Strike 0-1: SINGLE (Line Drive, 5D, EV 96.3 MPH)
|
|
Batting: RHB Dave Lebeau
|
0-0: Foul Ball, location: 2F 0-1: Ball 1-1: Foul Ball, location: 2F 1-2: Strikes out swinging
|
|
Batting: RHB Carmelo Martinez
|
0-0: Called Strike 0-1: Ball 1-1: Foul Ball, location: 2F 1-2: Fly out, F9 (Flyball, 9D, EV 96.3 MPH)
|
|
Batting: LHB Fred McGriff
|
0-0: Ball 1-0: Foul Ball, location: 2F 1-1: Called Strike 1-2: Foul Ball, location: 2F 1-2: Ball 2-2: Foul Ball, location: 2F 2-2: Ground out 4-3 (Groundball, 4, EV 104.4 MPH)
|
| Top of the 3rd over - 0 runs, 1 hit, 0 errors, 1 left on base; Lodi 0 - Visalia 7 |
| BOTTOM OF THE 3RD |
|
Visalia Mets batting - Pitching for Lodi Crushers : RHP Ted Davis
|
|
Batting: RHB Ed Sedar
|
0-0: Ground out 1-3 (Groundball, 34S, EV 67.5 MPH)
|
|
Batting: SHB Rene Quinones
|
0-0: Called Strike 0-1: Fly out, F6 (Popup, 6, EV 77.5 MPH)
|
|
Batting: RHB Ken Frazier
|
0-0: Swinging Strike 0-1: Ball 1-1: Ground out 6-3 (Groundball, 6, EV 85.0 MPH)
|
| Bottom of the 3rd over - 0 runs, 0 hits, 0 errors, 0 left on base; Lodi 0 - Visalia 7 |
| TOP OF THE 4TH |
|
Lodi Crushers batting - Pitching for Visalia Mets : LHP Tom Bolton
|
|
Batting: RHB Terry McGriff
|
0-0: Foul Ball, location: 2F 0-1: Ball 1-1: Ball 2-1: Swinging Strike 2-2: Ball 3-2: Strikes out swinging
|
|
Batting: RHB Mark Van Blaricom
|
0-0: Swinging Strike 0-1: Called Strike 0-2: Strikes out swinging
|
|
Batting: RHB Ron Karkovice
|
0-0: Ball 1-0: Ball 2-0: Fly out, F8 (Line Drive, 8RM, EV 91.3 MPH)
|
| Top of the 4th over - 0 runs, 0 hits, 0 errors, 0 left on base; Lodi 0 - Visalia 7 |
| BOTTOM OF THE 4TH |
|
Visalia Mets batting - Pitching for Lodi Crushers : RHP Ted Davis
|
|
Batting: RHB Lloyd Bessard
|
0-0: Called Strike 0-1: Foul Ball, location: 2F 0-2: TRIPLE (Flyball, 9LD, EV 86.3 MPH)
|
|
Batting: RHB Danny Ainge
|
0-0: Called Strike 0-1: Foul Ball, location: 2F 0-2: Ground out 5-3 (Groundball, 56, EV 94.4 MPH) Lloyd Bessard scores
|
|
Batting: SHB David Navarro
|
0-0: Called Strike 0-1: Foul Ball, location: 2F 0-2: Foul Ball, location: 2F 0-2: Foul Ball, location: 2F 0-2: Ball 1-2: Fly out, F9 (Line Drive, 9, EV 88.1 MPH)
|
|
Batting: LHB Huey Gayden
|
0-0: Ball 1-0: Ball 2-0: Foul Ball, location: 2F 2-1: Ground out 4-3 (Groundball, 34D, EV 107.5 MPH)
|
| Bottom of the 4th over - 1 run, 1 hit, 0 errors, 0 left on base; Lodi 0 - Visalia 8 |
| TOP OF THE 5TH |
|
Lodi Crushers batting - Pitching for Visalia Mets : LHP Tom Bolton
|
|
Batting: LHB Jeff Reed
|
0-0: SINGLE (Groundball, 34D, EV 97.5 MPH)
|
|
Batting: RHB Chris Baker
|
0-0: Ball 1-0: Swinging Strike 1-1: Swinging Strike 1-2: Foul Ball, location: 2F 1-2: Foul Ball, location: 2F 1-2: Strikes out looking
|
|
Batting: LHB Kal Daniels
|
0-0: Foul Ball, location: 2F 0-1: Foul Ball, location: 2F 0-2: Fly out, F9 (Line Drive, 9, EV 92.5 MPH)
|
|
Pitching: RHP Mike Ferguson
|
|
|
Batting: RHB Dave Lebeau
|
0-0: Ball 1-0: Foul Ball, location: 2F 1-1: Ball 2-1: 2-RUN HOME RUN (Line Drive, 7D, EV 104.4 MPH), Distance : 363 ft
|
|
Batting: RHB Carmelo Martinez
|
0-0: Ball 1-0: Ball 2-0: Ball 3-0: Base on Balls
|
|
Batting: LHB Fred McGriff
|
0-0: Called Strike 0-1: Hit by Pitch Carmelo Martinez to second
|
|
Batting: RHB Terry McGriff
|
0-0: Called Strike 0-1: Foul Ball, location: 2F 0-2: Foul Ball, location: 2F 0-2: Strikes out swinging
|
| Top of the 5th over - 2 runs, 2 hits, 0 errors, 2 left on base; Lodi 2 - Visalia 8 |
| BOTTOM OF THE 5TH |
|
Visalia Mets batting - Pitching for Lodi Crushers : RHP Ted Davis
|
|
Batting: LHB Pete Dalena
|
0-0: Ball 1-0: Ball 2-0: Swinging Strike 2-1: Swinging Strike 2-2: Strikes out looking
|
|
Batting: SHB Marcos Gomez
|
0-0: Fly out, F5 (Popup, 5DF, EV 62.5 MPH)
|
|
Batting: RHB Ed Sedar
|
0-0: Called Strike 0-1: Swinging Strike 0-2: Ball 1-2: Ball 2-2: SINGLE (Groundball, 56D, EV 95.6 MPH)
|
|
Batting: SHB Rene Quinones
|
0-0: Called Strike Ed Sedar is caught stealing 2nd base 2-6
|
| Bottom of the 5th over - 0 runs, 1 hit, 0 errors, 0 left on base; Lodi 2 - Visalia 8 |
| TOP OF THE 6TH |
|
Lodi Crushers batting - Pitching for Visalia Mets : RHP Mike Ferguson
|
|
Batting: RHB Mark Van Blaricom
|
0-0: Foul Ball, location: 2F 0-1: Swinging Strike 0-2: Strikes out swinging
|
|
Batting: RHB Ron Karkovice
|
0-0: Called Strike 0-1: Fly out, F9 (Flyball, 9, EV 90.6 MPH)
|
|
Batting: LHB Jeff Reed
|
0-0: Foul Ball, location: 2F 0-1: Ball 1-1: Ball 2-1: Foul Ball, location: 2F 2-2: Ball 3-2: Base on Balls
|
|
Batting: RHB Chris Baker
|
Pickoff Throw to First - Out! 1-3
|
| Top of the 6th over - 0 runs, 0 hits, 0 errors, 0 left on base; Lodi 2 - Visalia 8 |
| BOTTOM OF THE 6TH |
|
Visalia Mets batting - Pitching for Lodi Crushers : RHP Ted Davis
|
|
Batting: SHB Rene Quinones
|
0-0: Swinging Strike 0-1: Ground out 6-3 (Groundball, 6, EV 86.3 MPH)
|
|
Batting: RHB Ken Frazier
|
0-0: Called Strike 0-1: Fly out, F9 (Flyball, 89S, EV 80.0 MPH)
|
|
Batting: RHB Lloyd Bessard
|
0-0: Ball 1-0: Ball 2-0: Ball 3-0: Base on Balls
|
|
Batting: RHB Danny Ainge
|
0-0: Foul Ball, location: 2F 0-1: Called Strike 0-2: Ball 1-2: SINGLE (Line Drive, 9S, EV 101.3 MPH) Lloyd Bessard to second
|
|
Pitching: LHP John Franco
|
|
|
Batting: SHB David Navarro
|
0-0: Ball 1-0: Ball 2-0: Foul Ball, location: 2F 2-1: Fly out, F1 (Line Drive, P, EV 72.5 MPH)
|
| Bottom of the 6th over - 0 runs, 1 hit, 0 errors, 2 left on base; Lodi 2 - Visalia 8 |
| TOP OF THE 7TH |
|
Lodi Crushers batting - Pitching for Visalia Mets : RHP Mike Ferguson
|
|
Batting: RHB Chris Baker
|
0-0: Foul Ball, location: 2F 0-1: Fly out, F9 (Flyball, 9LM, EV 97.5 MPH)
|
|
Batting: LHB Kal Daniels
|
0-0: Ball 1-0: Foul Ball, location: 2F 1-1: DOUBLE (Line Drive, 8RXD, EV 96.9 MPH)
|
|
Batting: RHB Dave Lebeau
|
0-0: Ball 1-0: Ball 2-0: Ball 3-0: Called Strike 3-1: 2-RUN HOME RUN (Flyball, 7D, EV 88.8 MPH), Distance : 367 ft
|
|
Pitching: RHP Marcos Gonzalez
|
|
|
Batting: RHB Carmelo Martinez
|
0-0: Called Strike 0-1: DOUBLE (Line Drive, 9LS, EV 92.5 MPH)
|
|
Batting: LHB Fred McGriff
|
0-0: Foul Ball, location: 2F 0-1: Called Strike 0-2: Ground out 6-3 (Groundball, 6, EV 92.5 MPH)
|
|
Batting: RHB Terry McGriff
|
0-0: Called Strike 0-1: Foul Ball, location: 2F 0-2: Foul Ball, location: 2F 0-2: Ball 1-2: Ball 2-2: Ball 3-2: Strikes out swinging
|
| Top of the 7th over - 2 runs, 3 hits, 0 errors, 1 left on base; Lodi 4 - Visalia 8 |
| BOTTOM OF THE 7TH |
|
Visalia Mets batting - Pitching for Lodi Crushers : LHP John Franco
|
|
Batting: LHB Huey Gayden
|
0-0: Called Strike 0-1: Ground out 5-3 (Groundball, 56S, EV 81.9 MPH)
|
|
Batting: LHB Pete Dalena
|
0-0: Ball 1-0: Ball 2-0: Fly out, F8 (Flyball, 8RM, EV 76.3 MPH)
|
|
Batting: SHB Marcos Gomez
|
0-0: Swinging Strike 0-1: Called Strike 0-2: Strikes out swinging
|
| Bottom of the 7th over - 0 runs, 0 hits, 0 errors, 0 left on base; Lodi 4 - Visalia 8 |
| TOP OF THE 8TH |
|
Lodi Crushers batting - Pitching for Visalia Mets : RHP Marcos Gonzalez
|
|
Batting: RHB Mark Van Blaricom
|
0-0: Foul Ball, location: 2F 0-1: Ball 1-1: Ball 2-1: Foul Ball, location: 2F 2-2: SINGLE (Flyball, 7S, EV 93.1 MPH)
|
|
Batting: RHB Ron Karkovice
|
0-0: Foul Ball, location: 2F 0-1: Ball 1-1: Ball 2-1: Grounds into double play, 6-4-3 (Groundball, 6, EV 105.6 MPH)
|
|
Batting: LHB Jeff Reed
|
0-0: Ball 1-0: Ball 2-0: SINGLE (Line Drive, 7S, EV 97.5 MPH)
|
|
Batting: RHB Chris Baker
|
0-0: Ball 1-0: Foul Ball, location: 2F 1-1: Ball 2-1: Swinging Strike 2-2: Ball 3-2: Foul Ball, location: 2F 3-2: Base on Balls Jeff Reed to second
|
|
Batting: LHB Kal Daniels
|
0-0: Ball 1-0: Ground out 4-3 (Groundball, 4S, EV 90.6 MPH)
|
| Top of the 8th over - 0 runs, 2 hits, 0 errors, 2 left on base; Lodi 4 - Visalia 8 |
| BOTTOM OF THE 8TH |
|
Visalia Mets batting - Pitching for Lodi Crushers : LHP John Franco
|
|
Batting: RHB Ed Sedar
|
0-0: SINGLE (Flyball, 34D, EV 89.4 MPH)
|
|
Batting: SHB Rene Quinones
|
0-0: Called Strike 0-1: Called Strike 0-2: Ball 1-2: Ball 2-2: SINGLE (Flyball, 56D, EV 88.1 MPH) Ed Sedar to second
|
|
Pitching: RHP Homer Moncrief
|
|
|
Batting: RHB Ken Frazier
|
0-0: Ball 1-0: Bunt missed! 1-1: Bunt missed! 1-2: Foul Ball, location: 2F 1-2: Ball 2-2: Ball 3-2: Base on Balls Ed Sedar to third Rene Quinones to second
|
|
Batting: RHB Lloyd Bessard
|
0-0: DOUBLE (Flyball, 89D, EV 103.8 MPH) Ed Sedar scores Rene Quinones scores Ken Frazier to third
|
|
Batting: RHB Danny Ainge
|
0-0: Swinging Strike 0-1: Swinging Strike 0-2: Foul Ball, location: 2F 0-2: Ball 1-2: Ball 2-2: Ball 3-2: Foul Ball, location: 2F 3-2: SINGLE (Line Drive, 9S, EV 96.9 MPH) Ken Frazier scores Lloyd Bessard to third
|
|
Batting: SHB David Navarro
|
0-0: Foul Ball, location: 2F 0-1: Swinging Strike 0-2: Ball 1-2: Ball 2-2: Ball 3-2: Ground out 6-3 (Groundball, 6S, EV 71.3 MPH) Lloyd Bessard scores Danny Ainge to second
|
|
Batting: LHB Huey Gayden
|
0-0: Called Strike 0-1: Ball 1-1: SINGLE (Flyball, 56D, EV 85.6 MPH) Danny Ainge to third
|
|
Batting: LHB Pete Dalena
|
0-0: Ball 1-0: Foul Ball, location: 2F 1-1: Foul Ball, location: 2F 1-2: Ball 2-2: Foul Ball, location: 2F 2-2: 3-RUN HOME RUN (Flyball, 9LD, EV 106.3 MPH), Distance : 360 ft
|
|
Pitching: RHP Leon Baham
|
|
|
Batting: SHB Marcos Gomez
|
0-0: Ball 1-0: Ball 2-0: Ball 3-0: Called Strike 3-1: Called Strike 3-2: Ground out 4-3 (Groundball, 4S, EV 73.1 MPH)
|
|
Batting: RHB Ed Sedar
|
0-0: Ball 1-0: Foul Ball, location: 2F 1-1: Foul Ball, location: 2F 1-2: Ball 2-2: Foul Ball, location: 2F 2-2: Ball 3-2: SINGLE (Groundball, 56D, EV 95.6 MPH)
|
|
Batting: SHB Rene Quinones
|
0-0: Fielders Choice at 2nd, 5-4 (Groundball, 56, EV 80.6 MPH)
|
| Bottom of the 8th over - 7 runs, 7 hits, 0 errors, 1 left on base; Lodi 4 - Visalia 15 |
| TOP OF THE 9TH |
|
Lodi Crushers batting - Pitching for Visalia Mets : RHP Marcos Gonzalez
|
|
Pinch Hitting: SHB Ronald Bachmeier
|
0-0: Called Strike 0-1: Ball 1-1: Ground out U3 (Groundball, 3, EV 91.9 MPH)
|
|
Batting: RHB Carmelo Martinez
|
0-0: Called Strike 0-1: Called Strike 0-2: Ball 1-2: Fly out, F8 (Flyball, 8RM, EV 96.9 MPH)
|
|
Pinch Hitting: RHB Eric Monson
|
0-0: Ball 1-0: Called Strike 1-1: Called Strike 1-2: Foul Ball, location: 2F 1-2: Ball 2-2: Ball 3-2: Foul Ball, location: 2F 3-2: Foul Ball, location: 2F 3-2: Foul Ball, location: 2F 3-2: Ground out 4-3 (Groundball, 13, EV 86.3 MPH)
|
| Top of the 9th over - 0 runs, 0 hits, 0 errors, 0 left on base; Lodi 4 - Visalia 15 |
|